 Dungeon Crawl Stone Soup version 0.31-a0-743-g45f7035092 (webtiles) character file.

Game seed: 15165359292114643616

8377 javelincjr the Conjurer (level 11, -2/81 HPs)
             Began as a Demonspawn Conjurer on Sept 12, 2023.
             Was a Follower of Sif Muna.
             Slain by a two-headed ogre
             ... wielding a +0 giant club
              (20 damage)
             ... on level 11 of the Dungeon.
             The game lasted 00:53:34 (12017 turns).

javelincjr the Conjurer (Demonspawn Conjurer)      Turns: 12017, Time: 00:53:35

Health: -2/81      AC: 10    Str:  7    XL:     11   Next: 9%
Magic:  16/20      EV: 16    Int: 25    God:    Sif Muna [*.....]
Gold:   761        SH:  5    Dex: 19    Spells: 8/23 levels left

rFire   x . .        M - +2 dagger "Eceiruimn" {drain, Fly rF- rN++ Dex+2}
rCold   . . .        (no shield)
rNeg    + + +        I - +0 robe
rPois   .            (no helmet)
rElec   .            w - +0 cloak
rCorr   .            b - +0 pair of gloves
SInv    +            C - +2 pair of boots
Will    .....        y - amulet of reflection
Stlth   ++++         R - ring "Bastropt" {rN+ Dex+6 Slay+2 SInv}
HPRegen 0.33/turn    Z - ring of wizardry
MPRegen 0.17/turn

%: reflection, wizardry (x1)
@: mighty, flying, very slightly contaminated
A: hooves 1, molten scales 2, powered by pain 2, spiny 2
a: Renounce Religion, Channel Magic


You were on level 11 of the Dungeon.
You worshipped Sif Muna.
Sif Muna was aware of your devotion.
You visited 1 branch of the dungeon, and saw 11 of its levels.

You collected 761 gold pieces.

Inventory:

Hand Weapons
 a - a +2 orcbow of electrocution
 r - a +1 hand axe of distortion
 M - the +2 dagger "Eceiruimn" (weapon) {drain, Fly rF- rN++ Dex+2}
   (You found it on level 7 of the Dungeon)

   Dex+2:     It affects your dexterity (+2).
   rF-:       It makes you vulnerable to fire.
   rN++:      It greatly protects you from negative energy.
   Fly:       It grants you flight.
 P - a +6 dagger of protection
 V - a +3 vampiric trident
Missiles
 f - 3 poisoned darts
 F - 5 javelins
Armour
 b - a +0 pair of gloves (worn)
 c - a +0 buckler
 w - a +0 cloak (worn)
 C - a +2 pair of boots (worn)
 I - a +0 robe (worn)
 S - the +8 scale mail of Panentheism {rPois Int-5 Slay+2}
   (You found it on level 8 of the Dungeon)

   Int-5:     It affects your intelligence (-5).
   Slay+2:    It affects your accuracy & damage with ranged weapons and melee
   (+2).
   rPois:     It protects you from poison
 X - a +0 kite shield
Magical Staves
 d - a staff of death
 j - a staff of conjuration
 m - a staff of air
 G - a staff of earth
Jewellery
 e - a ring of flight
 s - a ring of magical power
 u - a +6 ring of dexterity
 y - an amulet of reflection (around neck)
 R - the ring "Bastropt" (left hand) {rN+ Dex+6 Slay+2 SInv}
   (You found it on level 8 of the Dungeon)

   [ring of see invisible]

   Dex+6:     It affects your dexterity (+6).
   Slay+2:    It affects your accuracy & damage with ranged weapons and melee
   (+2).
   rN+:       It protects you from negative energy.
   SInv:      It lets you see invisible.
 Z - a ring of wizardry (right hand)
Wands
 t - a wand of mindburst (18)
 E - a wand of flame (60)
 N - a wand of iceblast (9)
 Y - a wand of paralysis (2)
Scrolls
 l - 7 scrolls of teleportation
 o - 3 scrolls of butterflies
 q - 2 scrolls of immolation
 x - 2 scrolls of silence
 z - 3 scrolls of poison
 A - 3 scrolls of vulnerability
 O - 4 scrolls of fog
 W - 3 scrolls of fear
Potions
 h - a potion of resistance
 i - 3 potions of might
 k - a potion of mutation {unknown}
 n - a potion of magic
 p - 7 potions of curing
 D - a potion of enlightenment {unknown}
 H - a potion of degeneration {unknown}
 J - a potion of brilliance
 K - a potion of attraction {unknown}
 L - 3 potions of heal wounds
 T - 2 potions of lignification


   Skills:
 + Level 6.2 Fighting
 + Level 0.7 Short Blades
 + Level 6.6 Dodging
 + Level 7.0 Stealth
 - Level 6.0 Shields
 * Level 6.6 Spellcasting
 + Level 7.9 Conjurations
 + Level 0.7 Fire Magic
 + Level 5.8 Invocations


You had 8 spell levels left.
You knew the following spells:

 Your Spells              Type           Power      Damage    Failure   Level
a - Magic Dart            Conj           100%       1d8       1%          1
b - Searing Ray           Conj           96%        2d7       1%          2
c - Iskenderun's Mystic   Conj/Tloc      28%        2d7       6%          4
d - Flame Wave            Conj/Fire      30%        2d9       4%          4
e - Fulminant Prism       Conj/Hex       14%        3d8       6%          4

Your spell library contained the following spells:

 Spells                   Type           Power      Damage    Failure   Level
 Dazzling Flash           Conj/Hex       56%        N/A       1%          3
 Hailstorm                Conj/Ice       28%        3d8       1%          3
 Apportation              Tloc           16%        N/A       2%          1
 Necrotise                Necr           32%        1d5       2%          1
 Summon Small Mammal      Summ           32%        N/A       2%          1
 Scorch                   Fire           22%        2d5       3%          2
 Ensorcelled Hibernation  Hex/Ice        16%        N/A       4%          2
 Passwall                 Tmut/Erth      6%         N/A       4%          2
 Swiftness                Air            8%         N/A       9%          3
 Vampiric Draining        Necr           8%         2d6       9%          3
 Summon Ice Beast         Ice/Summ       8%         N/A       26%         4
 Agony                    Necr           8%         N/A       58%         5
 Simulacrum               Ice/Necr       4%         N/A       98%         6
 Summon Cactus Giant      Summ           4%         N/A       98%         6


Dungeon Overview and Level Annotations

Branches:
Dungeon (11/15)            Temple (0/1) D:7            Lair (0/5) D:8
    Orc (0/2) D:9

Altars:
Gozag
Nemelex Xobeh
Qazlal
Ru
Sif Muna
Wu Jian

Annotations:
D:1 1 transporter
D:7 1 runed translucent door, anansati's ghost, novice TeGl
D:10 3 runed translucent doors, Palms's ghost, journeyman DrCj


Innate Abilities, Weirdness & Mutations

You have large cloven feet.
You are mostly covered in molten scales. (AC +3)
You sometimes gain power by taking damage.
You are mostly covered in sharp spines.


Message History

You focus on the pain.
You feel very mighty all of a sudden.
You puncture the two-headed ogre!
The two-headed ogre is almost dead.
The vampire hits you but does no damage.
The vampire bites you but does no damage.
You hit the vampire but do no damage.
The vampire is heavily damaged.
The two-headed ogre misses you.
The two-headed ogre hits you with a +0 giant club!!
The vampire barely misses you. The vampire bites you.
You hit the vampire but do no damage.
The vampire is heavily damaged.
The vampire attacks as it pursues you! The vampire hits you.
The vampire bites you.
* * * LOW HITPOINT WARNING * * *
You feel much better. The vampire closely misses you.
The vampire completely misses you.
The two-headed ogre hits you with a +0 giant club.
The two-headed ogre hits you with a +0 giant club!!
You focus on the pain.
You feel your power returning.
You puncture the vampire!
The vampire is almost destroyed.
The vampire completely misses you. The vampire bites you.
* * * LOW HITPOINT WARNING * * *
The two-headed ogre is struck by your spines.
The two-headed ogre hits you with a +0 giant club!
* * * LOW HITPOINT WARNING * * *
The two-headed ogre closely misses you.
The vampire points at you and mumbles some strange words.
You resist with some effort.
Items here: )))).
You feel less confused.
Casting: Iskenderun's Mystic Blast (dangerous; 6% risk of failure)
Confirm with . or Enter, or press ? or * to list all spells.
You miscast Iskenderun's Mystic Blast.
You are very lightly contaminated with residual magic.
Nothing appears to happen.
The two-headed ogre hits you with a +0 giant club!!
You die...

####'### #......#
#### #......# #..(
#..>...# #...
#....^.# #######...
#......###.....'...
#......'...#####...
#.VO...##### #...
#.@)...# ##'#
#####+## #.# #.#
..# ###


You could see a two-headed ogre and a vampire (invisible).

Vanquished Creatures
  Harold (D:10)
  2 two-headed ogres
  Maurice (D:9)
  An unseen horror (D:11)
  2 hornets
  A shadow (D:9)
  Sigmund (D:2)
  A vampire (D:10)
  A steam dragon (D:8)
  3 yaks (D:9)
  7 vampire mosquitoes
  A water moccasin (D:8)
  An acid dragon (D:9)
  3 ice beasts
  5 orc warriors
  A black bear (D:6)
  3 centaurs
  A phantom (D:6)
  2 bullfrogs
  A gnoll sergeant (D:9)
  5 scorpions
  8 wights (D:8)
  3 killer bees (D:10)
  3 howler monkeys
  3 hounds
  A jelly (D:7)
  9 orc priests
  3 gnoll boudas
  Jessica (D:2)
  10 orc wizards
  23 gnolls
  11 adders
  A shadow imp (D:8)
  3 white imps
  An ufetubus (D:5)
  2 worms
  5 dart slugs
  30 orcs
  8 ball pythons
  4 bats
  6 endoplasms
  A giant cockroach (D:3)
  4 goblins
  9 hobgoblins
  6 kobolds
  3 quokkas
  5 frilled lizards
  5 rats
212 creatures vanquished.

Vanquished Creatures (others)
  14 fulminant prisms
14 creatures vanquished.

Grand Total: 226 creatures vanquished

Notes
Turn   | Place    | Note
-------+----------+-------------------------------------------
     0 | D:1      | javelincjr the Demonspawn Conjurer began the quest for the
                  | Orb.
     0 | D:1      | Reached XP level 1. HP: 13/13 MP: 3/3
   176 | D:1      | Gained mutation: You are partially covered in molten
                  | scales. (AC +2) [demonic ancestry]
   176 | D:1      | Reached XP level 2. HP: 19/19 MP: 1/5
   179 | D:1      | Learned a level 2 spell: Searing Ray
   868 | D:1      | Gained mutation: You are partially covered in sharp spines.
                  | [demonic ancestry]
   868 | D:1      | Reached XP level 3. HP: 24/24 MP: 2/6
  1161 | D:2      | Noticed Sigmund
  1177 | D:2      | Killed Sigmund
  1178 | D:2      | Reached skill level 1 in Shields
  1178 | D:2      | Gained mutation: You have large cloven feet. [demonic
                  | ancestry]
  1178 | D:2      | Reached XP level 4. HP: 18/30 MP: 1/8
  1178 | D:2      | Gained mutation: You are mostly covered in molten scales.
                  | (AC +3) [demonic ancestry]
  1178 | D:2      | Reached XP level 5. HP: 21/35 MP: 1/9
  1622 | D:2      | Noticed Jessica
  1623 | D:2      | Killed Jessica
  1779 | D:2      | Gained mutation: You are mostly covered in sharp spines.
                  | [demonic ancestry]
  1779 | D:2      | Reached XP level 6. HP: 41/41 MP: 4/10
  2598 | D:3      | Reached skill level 5 in Conjurations
  3028 | D:3      | Reached skill level 1 in Fighting
  3622 | D:4      | Reached XP level 7. HP: 41/48 MP: 12/12
  4077 | D:5      | Entered Level 5 of the Dungeon
  4651 | D:5      | Found an opulent altar of Gozag.
  4936 | D:5      | Found a stormy altar of Qazlal.
  5039 | D:5      | Gained mutation: You sometimes gain a little power by
                  | taking damage. [demonic ancestry]
  5039 | D:5      | Reached XP level 8. HP: 53/57 MP: 14/14
  5550 | D:6      | Found a sparkling altar of Nemelex Xobeh.
  5762 | D:6      | Found a shimmering blue altar of Sif Muna.
  6234 | D:6      | Found a sacrificial altar of Ru.
  6439 | D:6      | Became a worshipper of Sif Muna the Loreminder
  6513 | D:7      | Reached skill level 5 in Stealth
  6638 | D:7      | Found a staircase to the Ecumenical Temple.
  6664 | D:7      | Identified the +2 dagger "Eceiruimn" {drain, Fly rF- rN++
                  | Dex+2}
  6733 | D:7      | Reached XP level 9. HP: 65/65 MP: 16/16
  6822 | D:7      | Found a runed translucent door.
  7035 | D:7      | Noticed anansati's ghost (novice TeGl)
  7138 | D:8      | Reached skill level 5 in Dodging
  7165 | D:8      | Reached skill level 1 in Invocations
  7289 | D:8      | Found a staircase to the Lair.
  7337 | D:8      | Reached skill level 5 in Spellcasting
  7438 | D:8      | Upgraded the game from 0.31-a0-740-g87205ac768 to
                  | 0.31-a0-743-g45f7035092
  7451 | D:8      | Reached * piety under Sif Muna
  7879 | D:8      | Identified the ring "Bastropt" {rN+ Dex+6 Slay+2 SInv}
  8065 | D:8      | Identified the +8 scale mail of Panentheism {rPois Int-5
                  | Slay+2}
  8072 | D:8      | Learned a level 4 spell: Iskenderun's Mystic Blast
  8631 | D:9      | Reached skill level 5 in Shields
  8980 | D:9      | Found a staircase to the Orcish Mines.
  9001 | D:9      | Reached skill level 5 in Fighting
  9003 | D:9      | Reached XP level 10. HP: 46/74 MP: 18/18
  9428 | D:9      | Noticed Maurice
  9485 | D:9      | Killed Maurice
  9485 | D:9      | Reached ** piety under Sif Muna
  9497 | D:9      | Identified a scroll of acquirement
  9497 | D:9      | Acquired a staff of conjuration
  9507 | D:9      | Learned a level 4 spell: Flame Wave
  9512 | D:9      | Learned a level 4 spell: Fulminant Prism
  9894 | D:10     | Entered Level 10 of the Dungeon
  9894 | D:10     | Noticed a two-headed ogre
  9909 | D:10     | Killed a two-headed ogre
 10036 | D:10     | Found a runed translucent gate.
 10036 | D:10     | Found a runed translucent gate.
 10036 | D:10     | Found a runed translucent gate.
 10037 | D:10     | Noticed Palms's ghost (journeyman DrCj)
 10235 | D:10     | Reached skill level 5 in Invocations
 10379 | D:10     | Found an ornate altar of the Wu Jian Council.
 10776 | D:10     | Noticed Harold
 11126 | D:10     | Paralysed by Harold for 5 turns
 11134 | D:10     | Paralysed by Harold for 4 turns
 11138 | D:10     | Killed Harold
 11732 | D:11     | Noticed a two-headed ogre
 11741 | D:11     | Killed a two-headed ogre
 11742 | D:11     | Gained mutation: You sometimes gain power by taking damage.
                  | [demonic ancestry]
 11742 | D:11     | Reached XP level 11. HP: 75/81 MP: 5/20
 11988 | D:11     | Noticed a two-headed ogre
 12017 | D:11     | Slain by a two-headed ogre

Illustrated notes

Levels and vault maps discovered:
D:1:      spicycebolla_arrival_risky_transporter, layout_basic
D:2:      layout_loops_ring, minmay_bisected, uniq_sigmund, uniq_jessica
D:3:      minmay_spotlight, layout_basic, amcnicky_mini_corridor_feature,
          bh_walls_and_bars
D:4:      minmay_opposing_rooms, layout_basic
D:5:      layout_loops_ring, grunt_gozag_breadcrumbs, zin_academy,
          nicolae_qazlal_scattered_showers, nrook_mini_vaults
D:6:      layout_loops_ring, marbit_many_paths, mainiacjoe_overflow_catwalk,
          mainiacjoe_overflow_paths
D:7:      layout_cave_pools, minmay_temple_entry_ruins,
          ebering_ghost_reflecting_pool
D:8:      layout_cave_pods, lair_entry_dummy
D:9:      layout_roguey, david_orc_1_choice, uniq_maurice
D:10:     layout_basic, nicolae_wu_jian_immortal_techniques,
          gammafunk_ghost_nasty_kobolds, skrybe_limestone_x, abandoned_shop,
          uniq_harold
D:11:     layout_roguey

Skill      XL: |  1  2  3  4  5  6  7  8  9 10 |
---------------+-------------------------------+-----
Stealth        | 2 3 4 5 6 7 |  7.0
Dodging        | 2 3 4 5 6 |  6.6
Shields        | 1 2 3 4 5 6 |  6.0
Spellcasting   | 3 4 5 6 |  6.6
Conjurations   | 5 6 7 |  7.9
Fighting       | 1 2 3 5 6 |  6.2
Invocations    | 3 5 |  5.8
Short Blades   | |  0.7
Fire Magic     | |  0.7

Action                     |  1- 3 |  4- 6 |  7- 9 | 10-12 || total
---------------------------+-------+-------+-------+-------++-------
  Melee: Unarmed           |     7 |       |       |       ||     7
         Dagger            |    21 |    14 |    17 |    43 ||    95
         Kick              |       |     7 |    10 |       ||    17
         Short sword       |       |    15 |    97 |       ||   112
         Punch             |       |     2 |     3 |     2 ||     7
         Staff             |       |       |       |     7 ||     7
   Fire: Orcbow            |       |       |    57 |       ||    57
   Cast: Magic Dart        |    25 |    29 |    60 |     9 ||   123
         Searing Ray       |     2 |    16 |    51 |    12 ||    81
         Iskenderun's Myst |       |       |       |    35 ||    35
         Fulminant Prism   |       |       |       |    14 ||    14
         Flame Wave        |       |       |       |     2 ||     2
 Invoke: Channel Magic     |       |       |       |     2 ||     2
    Use: Potion            |     1 |       |       |     1 ||     2
         Scroll            |       |       |    11 |    12 ||    23
   Stab: Sleeping          |       |     4 |     2 |     1 ||     7
         Distracted        |       |     1 |     1 |       ||     2
 Armour: Robe              |    17 |    22 |   102 |    63 ||   204
  Dodge: Dodged            |    28 |    20 |    78 |    65 ||   191
  Block: Other             |       |       |    12 |    20 ||    32
         Reflection        |       |       |     1 |     5 ||     6

Table legend: (Time is in decaauts)
 A = Elapsed time spent in this place.
 B = Non-inter-level travel time spent in this place.
 C = Inter-level travel time spent in this place.
 D = Time resting spent in this place.
 E = Time spent auto-exploring this place.
 F = Levels seen in this place.
 G = Mean time per level.
                   A        B        C        D        E       F      G
               +--------+--------+--------+--------+--------+-----+--------+
         Total |  12038 |  11717 |    321 |    918 |   9006 |  11 | 1094.4 |
       Dungeon |  12038 |  11717 |    321 |    918 |   9006 |  11 | 1094.4 |
               +--------+--------+--------+--------+--------+-----+--------+

Top non-repeatable levels by time:
     D:9: 1824 daAuts
    D:10: 1399 daAuts
     D:8: 1244 daAuts
     D:5: 1217 daAuts
     D:6: 1173 daAuts
     D:1: 1103 daAuts
     D:2: 1072 daAuts
     D:3: 961 daAuts
     D:4: 937 daAuts
     D:7: 614 daAuts
    D:11: 488 daAuts
